 Dungeon Crawl Stone Soup version 0.29.1-1-gd02db6906a (webtiles) character file.

Game seed: 17411186870666394997

37 mortz the Digger (level 3, 0/19 HPs)
             Began as a Kobold Earth Elementalist on Oct 22, 2022.
             Succumbed to an adder's poison
             ... on level 2 of the Dungeon.
             The game lasted 00:03:13 (1134 turns).

mortz the Digger (Kobold Earth Elementalist)        Turns: 1134, Time: 00:03:13

Health: 0/19       AC:  2    Str:  5    XL:     3   Next: 60%
Magic:  2/6        EV: 15    Int: 18    God:
Gold:   50         SH:  0    Dex: 15    Spells: 4/7 levels left

rFire   . . .      SeeInvis .   a - +0 dagger
rCold   . . .      Faith    .   (no shield)
rNeg    . . .      Spirit   .   d - +0 robe
rPois   .          Reflect  .   (no helmet)
rElec   .          Harm     .   (no cloak)
rCorr   .          Rampage  .   (no gloves)
Will    .....                   (no boots)
Stlth   +++.......              (no amulet)
HPRegen 0.06/turn               (no ring)
MPRegen 0.10/turn               (no ring)

@: lethally poisoned (0 -> -5)
A: small, no large weapons, nightstalker 3
a: no special abilities


You were on level 2 of the Dungeon.
You visited 1 branch of the dungeon, and saw 2 of its levels.

You collected 50 gold pieces.

Inventory:

Hand Weapons
 a - a +0 dagger (weapon)
 c - a +0 short sword
 f - a +0 dagger
Armour
 d - a +0 robe (worn)
 i - a +0 leather armour
Scrolls
 e - a scroll of magic mapping {unknown}
 g - a scroll of vulnerability {unknown}
 h - a scroll of amnesia {unknown}
 j - a scroll of teleportation {unknown}
Potions
 b - 2 potions of magic


   Skills:
 + Level 0.2 Short Blades
 + Level 2.5 Dodging
 + Level 3.2 Stealth
 + Level 2.5 Spellcasting
 + Level 1.0 Transmutations
 + Level 3.9 Earth Magic


You had 4 spell levels left.
You knew the following spells:

 Your Spells              Type           Power      Damage    Failure   Level
a - Sandblast             Erth           32%        2d9       3%          1
p - Passwall              Tmut/Erth      9%         N/A       10%         2

Your spell library contained the following spells:

 Spells                   Type           Power      Damage    Failure   Level
 Stone Arrow              Conj/Erth      18%        3d8       22%         3
 Petrify                  Tmut/Erth      11%        N/A       52%         4


Dungeon Overview and Level Annotations

Branches:
Dungeon (2/15) Zot: 10859

Altars:


Innate Abilities, Weirdness & Mutations

You are small and have problems with some larger weapons.
You are completely attuned to the shadows.


Message History

The adder barely misses you.
The blast of sand misses the adder.
The adder closely misses you. The adder bites you.
You are poisoned.
The adder poisons you!
The blast of sand hits the adder!
The adder is severely wounded.
You feel sick. The adder barely misses you. The adder bites you.
The adder attacks as you move away! The adder bites you but does no damage.
You feel sick. The adder closely misses you.
The adder bites you but does no damage.
You feel sick. The adder closely misses you.
The adder attacks as you move away! The adder barely misses you.
The adder attacks as you move away! The adder closely misses you.
You feel sick.
You are too injured to fight recklessly!
Aiming: Sandblast (safe; 3% risk of failure)
Press: ? - help, Q - select action, (/) - cycle Shift-Dir - straight line, f/p - adder
Aim: an adder (heavily wounded, 70% to hit)
The blast of sand hits the adder!
You kill the adder!
You feel sick.
You are no longer poisoned.
The adder barely misses you.
Aiming: Sandblast (safe; 3% risk of failure)
Press: ? - help, Q - select action, (/) - cycle Shift-Dir - straight line, f - adder
Aim: an adder (70% to hit)
The blast of sand hits the adder!
The adder is almost dead.
The adder bites you.
* * * LOW HITPOINT WARNING * * *
The adder bites you.
* * * LOW HITPOINT WARNING * * *
You are lethally poisoned!
The adder poisons you!
Aiming: Sandblast (safe; 3% risk of failure)
Press: ? - help, Q - select action, (/) - cycle Shift-Dir - straight line, f/p - adder
Aim: an adder (almost dead, 70% to hit)
The blast of sand misses the adder.
You die...

:.#>#
.##...#
#.#...
##...#
#....##
.###..#
##S#
####@#####
..........
####.#####
....(....
####.####
#.# #.# #.#
#.# #.# #.#
####.####.#


You could see an adder.

Vanquished Creatures
  Robin (D:2)
  An adder (D:2)
  A ball python (D:1)
  2 endoplasms (D:1)
  5 goblins
  4 hobgoblins
  A rat (D:1)
15 creatures vanquished.

Notes
Turn   | Place    | Note
-------+----------+-------------------------------------------
     0 | D:1      | mortz the Kobold Earth Elementalist began the quest for the
                  | Orb.
     0 | D:1      | Reached XP level 1. HP: 10/10 MP: 3/3
   339 | D:1      | Reached XP level 2. HP: 15/15 MP: 3/5
   344 | D:1      | Learned a level 2 spell: Passwall
   924 | D:2      | Noticed Robin
   932 | D:2      | Killed Robin
   933 | D:2      | Reached XP level 3. HP: 17/19 MP: 2/6
  1134 | D:2      | Succumbed to an adder's poison

Illustrated notes

Levels and vault maps discovered:
D:1:      beargit_arrival_diablo_church, layout_loops_ring, hex_large,
          minivault_14
D:2:      layout_loops_ring, uniq_crazy_yiuf_cottage, uniq_robin

Skill      XL: |  1  2 |
---------------+-------+-----
Stealth        | 3 |  3.2
Short Blades   | |  0.2
Dodging        | |  2.5
Spellcasting   | |  2.5
Transmutations | |  1.0
Earth Magic    | |  3.9

Action                   || total
-------------------------++-------
Melee: Dagger            ||     6
 Cast: Sandblast         ||    15
 Stab: Sleeping          ||     6
Armor: Robe              ||     3
Dodge: Dodged            ||    13
